 Dungeon Crawl Stone Soup version 0.13-a0-2537-g1f6edf4 (webtiles) character file.

634 Kae the Archer (level 6, -1/48 HPs)
             Began as a Centaur Hunter on July 27, 2013.
             Was an Initiate of Okawaru.
             Slain by an orc priest
             ... wielding a -1,+0 orcish war axe
              (11 damage)
             ... on Level 4 of the Dungeon.
             The game lasted 00:05:33 (4318 turns).

Kae the Archer (Centaur Hunter)                     Turns: 4318, Time: 00:05:34

HP  -1/48        AC  4     Str 14      XL: 6   Next: 56%
MP   4/4         EV  9     Int 10      God: Okawaru [......]
Gold 229         SH  0     Dex 12      Spells:  0 memorised,  5 levels left

Res.Fire  : . . .   See Invis. : .   a - +0 short sword
Res.Cold  : . . .   Warding    : .   d - +0 leather armour
Life Prot.: . . .   Conserve   : .   (no shield)
Res.Poison: .       Res.Corr.  : .   (no helmet)
Res.Elec. : .       Clarity    : .   (no cloak)
Sust.Abil.: . .     Spirit.Shd : .   (no gloves)
Res.Mut.  : .       Stasis     : .   (no barding)
Res.Rott. : .       Flight     : .   (no amulet)
Saprovore : . . .                    (no ring)
                                     (no ring)

@: very quick, slightly resistant to hostile enchantments, very unstealthy
A: hooves 3, deformed body, herbivore 1, speed 2, fast metabolism 1, tough skin
3
a: Renounce Religion


You were on level 4 of the Dungeon.
You worshipped Okawaru.
Okawaru was noncommittal.
You were hungry.

You visited 2 branches of the dungeon, and saw 5 of its levels.

You collected 209 gold pieces.

Inventory:

Hand weapons
 a - a +0,+0 short sword (weapon)
 b - a +1,+1 bow
Armour
 d - a +0 leather armour (worn)
Comestibles
 f - a bread ration
 k - an apple
Scrolls
 g - a scroll of identify {unknown}
 j - 3 scrolls of remove curse
 l - a scroll of noise {unknown}
 m - a scroll of fear {unknown}
 n - a scroll of recharging {unknown}
Potions
 p - 3 potions of curing {unknown}


   Skills:
 - Level 1.0 Fighting
 + Level 10.3 Bows
 - Level 1.3 Dodging
 - Level 0.5 Stealth


You had 5 spell levels left.
You didn't know any spells.

Dungeon Overview and Level Annotations

Branches:
Dungeon (4/27)             Temple (1/1) D:4

Altars:
Ashenzari
Cheibriados
Fedhas
Makhleb
Nemelex Xobeh
Okawaru
Sif Muna
Trog
Vehumet
Xom
Yredelemnul
the Shining One


Innate Abilities, Weirdness & Mutations

You have hooves in place of feet.
Armour fits poorly on your strangely shaped body.
You digest meat inefficiently.
You cover ground very quickly.
You have a fast metabolism.
You have extremely tough skin (AC +3).


Message History

You hear some strange, mumbled words.
The puff of flame hits you!
The orc priest mumbles some strange prayers to Beogh against you.
You resist. The orc hits you but does no damage.
You see here an arrow.
You hit the orc priest.
The orc priest is severely wounded.
The orc hits you but does no damage.
The orc priest hits you with an orcish war axe!
* * * LOW HITPOINT WARNING * * *
It hits you.
* * * LOW HITPOINT WARNING * * *
The orc completely misses you.
You closely miss the orc priest. Your kick misses the orc priest.
The orc priest is severely wounded.
The orc hits you but does no damage.
It drops an orcish dagger.
It picks up an orcish spear.
The orc hits you with an orcish whip.
* * * LOW HITPOINT WARNING * * *
The orc priest hits you with an orcish war axe!
You die...

#..# # #.## .. #.#
####.##### #.#
#.........# #.#
#.........#
##.########.........#
................o...#
#..########....ooo..#
#.## ###@# ).# #()(#
### ###.### # #(..# #
#)### ###### #.#
.....# ##(#######
.....# #.........#
.....######.........


You could see an orc priest and 3 orcs.

Vanquished Creatures
  The ghost of Kae the Slasher, an average HEGl (D:3)
  Menkaure (D:4)
  An orc wizard (D:4)
  5 adders
  An inept feature mimic (D:2)
  A worm (D:3)
  A giant gecko (D:2)
  12 orcs
  2 giant cockroaches
  5 hobgoblins
  3 quokkas
  5 ball pythons
  9 bats
  2 giant newts
  15 goblins
  9 kobolds
  6 rats
79 creatures vanquished.

Notes
Turn   | Place    | Note
--------------------------------------------------------------
     0 | D:1      | Kae, the Centaur Hunter, began the quest for the Orb.
     0 | D:1      | Reached XP level 1. HP: 17/17 MP: 0/0
   133 | D:1      | Reached XP level 2. HP: 21/24 MP: 1/1
   222 | D:1      | Reached skill level 6 in Bows
   900 | D:2      | Found a sparkling altar of Nemelex Xobeh.
   948 | D:2      | Reached XP level 3. HP: 8/29 MP: 2/2
  1353 | D:2      | Reached skill level 7 in Bows
  1922 | D:3      | Reached XP level 4. HP: 13/36 MP: 2/2
  2569 | D:3      | Noticed Kae's ghost (average HEGl)
  2595 | D:3      | Killed Kae's ghost
  2595 | D:3      | Reached skill level 9 in Bows
  2595 | D:3      | Reached XP level 5. HP: 21/41 MP: 3/3
  2992 | D:4      | Noticed Menkaure
  3264 | D:4      | Killed Menkaure
  3264 | D:4      | Reached skill level 10 in Bows
  3264 | D:4      | Reached XP level 6. HP: 25/48 MP: 4/4
  3408 | D:4      | Found a staircase to the Ecumenical Temple.
  3420 | Temple   | Entered the Ecumenical Temple
  3631 | Temple   | Became a worshipper of Warmaster Okawaru
  4318 | D:4      | Slain by an orc priest

Action                   |  1- 3 |  4- 6 || total
-------------------------+-------+-------++-------
Melee: Short sword       |   154 |    86 ||   240
 Fire: Bow               |     5 |    60 ||    65
  Use: Potion            |       |     2 ||     2
       Scroll            |       |     5 ||     5
